[Event "Titled Tuesday Blitz January 10 Late 2023"]
[White "Wieczorek, Oskar"]
[Black "Abdulla, Murad"]
[WhiteFideId "1133950"]
[BlackFideId "2403757"]
[WhiteElo "2512"]
[BlackElo "2307"]
[Result "1-0"]
[Round "06"]
[TimeControl "180+2"]
[Date "2023.01.10"]
[WhiteClock "0:00:17"]
[BlackClock "0:00:17"]

1. e4 c5 2. Nf3 d6 3. d4 cxd4 4. Nxd4 Nf6 5. Nc3 g6 6. Be2 Bg7 7. O-O O-O 8. Re1 Nc6 9. Nb3 Be6 10. Bf1 Rc8 11. Nd5 Ne5 12. c3 Nc4 13. Rb1 b5 14. Bg5 Bxd5 15. exd5 a5 16. Nd4 Nxd5 17. Nxb5 Nf6 18. a4 Re8 19. Qc2 Rc5 20. Bf4 e5 21. Bg5 h6 22. Bh4 g5 23. Bg3 Nh5 24. Rbd1 Nxg3 25. hxg3 d5 26. b4 Rc6 27. Qb3 e4 28. bxa5 e3 29. fxe3 Qxa5 30. Rxd5 Nxe3 31. Rd7 Rce6 32. Nc7 R6e7 33. Nxe8 Rxd7 34. Nxg7 Kxg7 35. Rxe3 Qc5 36. c4 Re7 37. Kf2 f5 38. Qc3+ Kg6 39. Ke2 Rxe3+ 40. Qxe3 Qxc4+ 41. Qd3 Qxa4 42. Kf2 Qa7+ 43. Ke1 Qa1+ 44. Kf2 Qa7+ 45. Qe3 Qa2+ 46. Be2 Qd5 47. Qe8+ Kg7 48. Qe7+ Kg6 49. Qe3 h5 50. Bd3 Qa2+ 51. Kg1 Qa1+ 52. Kh2 Qf6 53. Qe8+ Kh6 54. Qd7 h4 55. Qxf5 hxg3+ 56. Kxg3 Qd6+ 57. Kf3 Qc6+ 58. Qe4 Qf6+ 59. Ke2 Qb2+ 60. Bc2 Qb5+ 61. Qd3 Qe5+ 62. Kf2 Qf4+ 63. Ke1 Qc1+ 64. Bd1 Qf4 65. Qf3 Qb4+ 66. Kf1 Qc4+ 67. Kg1 Qd4+ 68. Kh1 Qe5 69. g3 Kg7 70. Kg2 Qc5 71. Be2 Kh6 72. Qe4 Kg7 73. Bd3 Kf8 74. Qf5+ Qxf5 75. Bxf5 Kg7 76. g4 Kf6 77. Kf3 Ke5 78. Ke3 Kd5 79. Bc8 Ke5 80. Bb7 Kd6 81. Ke4 Ke6 82. Bd5+ Kf6 83. Kd4 Ke7 84. Ke5 Kd7 85. Kf5 Kd6 86. Kxg5 Kxd5 87. Kf6 Kd6 88. g5 Kd5 89. g6 Ke4 90. g7 Kf4 91. g8=Q Ke3 92. Qd5 Kf2 93. Kf5 Kg3 94. Qd3+ Kf2 95. Kg4 Kg1 96. Qe2 Kh1 97. Qd2 Kg1 98. Qc2 Kf1 99. Qb2 Ke1 100. Kf3 Kd1 101. Ke3 Ke1 102. Qc1# 1-0


[Site "https://www.chess.com"]

[Event "Titled Tuesday Blitz January 10 Late 2023"]
[White "Berezin, Viktor"]
[Black "Martinez Ramirez, Lennis"]
[WhiteFideId "14107872"]
[BlackFideId "3509079"]
[WhiteElo "2307"]
[BlackElo "2426"]
[Result "0-1"]
[Round "06"]
[TimeControl "180+2"]
[Date "2023.01.10"]
[WhiteClock "0:00:11"]
[BlackClock "0:00:28"]

1. d4 d5 2. c4 e6 3. Nf3 Nf6 4. g3 dxc4 5. Bg2 Nc6 6. O-O a6 7. a4 Rb8 8. e3 Bb4 9. Nfd2 Na5 10. b3 cxb3 11. Nxb3 O-O 12. Nxa5 Bxa5 13. Ba3 Re8 14. Nd2 b5 15. axb5 axb5 16. Nb3 Bb6 17. Bc5 Bb7 18. Bxb7 Rxb7 19. Qd3 c6 20. Rfc1 Nd7 21. Bxb6 Rxb6 22. Qe4 Nf6 23. Qe5 Nd5 24. Nc5 b4 25. Ne4 b3 26. Rab1 Qb8 27. Qh5 h6 28. g4 e5 29. Nc5 Re7 30. g5 exd4 31. exd4 Nf4 32. Qf3 Ne2+ 33. Kg2 Nxc1 34. Rxc1 b2 35. Rb1 hxg5 36. Qf5 Qd8 37. Qxg5 Qd5+ 38. Qxd5 cxd5 39. Nd3 Re2 40. Kf3 Rc2 41. Ke3 Rb3 42. f4 Rcc3 0-1


[Site "https://www.chess.com"]

[Event "Titled Tuesday Blitz January 10 Late 2023"]
[White "Kleiman, Jake"]
[Black "Bazeev, German"]
[WhiteFideId "2020041"]
[BlackFideId "24119350"]
[WhiteElo "2399"]
[BlackElo "2369"]
[Result "0-1"]
[Round "06"]
[TimeControl "180+2"]
[Date "2023.01.10"]
[WhiteClock "0:00:15"]
[BlackClock "0:00:10"]

1. e4 c5 2. c3 Nf6 3. e5 Nd5 4. Bc4 e6 5. Nf3 Nc6 6. d4 cxd4 7. cxd4 d6 8. Qe2 dxe5 9. dxe5 Be7 10. O-O O-O 11. Bd2 Bd7 12. Nc3 Nxc3 13. Bxc3 Qb6 14. Qe4 Rfd8 15. Rad1 Be8 16. h4 Rxd1 17. Rxd1 Rd8 18. Re1 Nb4 19. a3 Bc6 20. Qe2 Nd5 21. Bd4 Qa5 22. Rd1 Qa4 23. b3 Qxa3 24. Qd2 Qb4 25. Qc1 Nb6 26. Ng5 Nxc4 27. bxc4 h6 28. Nh3 Qb3 29. Rd2 a5 30. Nf4 a4 31. Rd3 Qb4 32. Bb2 Rxd3 33. Nxd3 Qb3 34. Ne1 a3 35. Ba1 a2 36. Kh2 Qb1 37. Qc3 Bb4 38. Qd4 Qxe1 39. Qd8+ Kh7 40. Qd3+ Qe4 41. Qg3 Qxg2+ 42. Qxg2 Bxg2 43. Kxg2 Kg6 44. Kf3 Kh5 45. Kg3 Be7 46. f4 Bxh4+ 47. Kf3 Be7 48. Ke4 Kg4 49. Ke3 Kf5 50. Kf3 Ba3 51. Bc3 Bc1 0-1


[Site "https://www.chess.com"]

[Event "Titled Tuesday Blitz January 10 Late 2023"]
[White "Martynov, Pavel"]
[Black "Dimitrov, Atanas"]
[WhiteFideId "4101260"]
[BlackFideId "2901315"]
[WhiteElo "2414"]
[BlackElo "2269"]
[Result "0-1"]
[Round "06"]
[TimeControl "180+2"]
[Date "2023.01.10"]
[WhiteClock "0:00:02"]
[BlackClock "0:00:14"]

1. e4 c5 2. Nf3 d6 3. Bb5+ Bd7 4. Bxd7+ Nxd7 5. O-O Ngf6 6. Re1 g6 7. c3 c4 8. b3 b5 9. a4 a6 10. axb5 axb5 11. Rxa8 Qxa8 12. Na3 Qa6 13. Nd4 Bg7 14. Naxb5 O-O 15. bxc4 Rc8 16. d3 Nc5 17. Bg5 e6 18. h3 Nfd7 19. f4 e5 20. Nf3 Ne6 21. Be7 Nxf4 22. Bxd6 Ne6 23. Kh1 Qb6 24. Qe2 Nf4 25. Qe3 Qa5 26. Rf1 Qa2 27. Rf2 Qb1+ 28. Kh2 Qxd3 29. Qxd3 Nxd3 30. Rd2 N3c5 31. Bxc5 Nxc5 32. Re2 f6 33. Nd2 Bf8 34. Nf3 Ne6 35. g4 Rxc4 36. g5 Rc5 37. Na7 Rxc3 0-1


[Site "https://www.chess.com"]

[Event "Titled Tuesday Blitz January 10 Late 2023"]
[White "Barrientos, Sergio E"]
[Black "reevecanada"]
[WhiteFideId "4401824"]
[WhiteElo "2479"]
[BlackElo "2497"]
[Result "1-0"]
[Round "06"]
[TimeControl "180+2"]
[Date "2023.01.10"]
[WhiteClock "0:00:25"]
[BlackClock "0:00:36"]

1. c4 e5 2. g3 c6 3. d4 e4 4. Nc3 d5 5. cxd5 cxd5 6. Qb3 Nf6 7. Bg5 Nc6 8. e3 Bb4 9. Ne2 Bg4 10. a3 Bf3 11. Rg1 Bxe2 12. Bxe2 Bxc3+ 13. bxc3 O-O 14. Bxf6 gxf6 15. Kf1 Rc8 16. Kg2 Na5 17. Qb4 b6 18. Rgc1 Nc4 19. a4 Qd7 20. Rab1 Rc7 21. Qb5 Qe6 22. Bxc4 Rxc4 23. a5 bxa5 24. Qxa5 Rfc8 25. Qxa7 Rxc3 26. Rxc3 Rxc3 27. Rb8+ Kg7 28. Qa8 Qd6 29. Rg8+ Kh6 30. Qe8 Rc7 31. Rg4 f5 32. Rf4 Qe6 33. Qf8+ Kg5 34. Qg8+ Kf6 35. g4 Ke7 36. Rxf5 Kd6 37. Qd8+ Kc6 38. Rf6 Rd7 39. Rxe6+ fxe6 40. Qf6 Kd6 41. f3 exf3+ 42. Kxf3 Rc7 43. Qe5+ Kd7 44. h4 Rc1 45. h5 Rf1+ 46. Kg2 Rf7 47. g5 Re7 48. g6 hxg6 49. hxg6 Re8 50. Qf6 Rg8 51. Qf7+ Kd6 52. Qxg8 Ke7 53. Qf7+ Kd6 54. g7 Kc6 55. Qxe6+ Kb5 56. Qxd5+ Kb4 57. Qc5+ Kb3 58. g8=Q+ Kb2 59. Qb8+ Ka1 60. Qca7# 1-0


[Site "https://www.chess.com"]

[Event "Titled Tuesday Blitz January 10 Late 2023"]
[White "Hernandez Gonzalez, William"]
[Black "Danielyan, Vahe"]
[WhiteFideId "3509915"]
[BlackFideId "13304828"]
[WhiteElo "2489"]
[BlackElo "2346"]
[Result "1-0"]
[Round "06"]
[TimeControl "180+2"]
[Date "2023.01.10"]
[WhiteClock "0:00:32"]
[BlackClock "0:00:57"]

1. e4 d6 2. d4 Nf6 3. Nc3 e5 4. Nf3 Nbd7 5. g3 Be7 6. Bg2 c6 7. a4 Qc7 8. O-O h6 9. h3 g5 10. Re1 Nf8 11. Nh2 Ng6 12. Ng4 Nxg4 13. hxg4 Bd7 14. d5 O-O 15. Bf3 Kg7 16. Kg2 Bf6 17. Rh1 Ne7 18. Be3 Rac8 19. Rh5 cxd5 20. exd5 Qa5 21. Qd3 Rh8 22. Rah1 Rxc3 23. bxc3 Qxa4 24. c4 a5 25. Rb1 b5 26. cxb5 Bxg4 27. Bxg4 Qxg4 28. Rhh1 Nf5 29. c4 Nh4+ 30. Kf1 Qf3 31. Rg1 Nf5 32. Re1 Rb8 33. Qe2 Qe4 34. Ba7 Qxe2+ 35. Kxe2 Rb7 36. Be3 e4 37. Ra1 Bxa1 38. Rxa1 Rc7 39. Ra4 Nxe3 40. Kxe3 f5 41. Kd4 h5 42. Rxa5 h4 43. gxh4 gxh4 44. b6 Rf7 45. c5 h3 46. c6 e3 47. Kxe3 Re7+ 48. Kf3 f4 49. Ra1 1-0


[Site "https://www.chess.com"]

[Event "Titled Tuesday Blitz January 10 Late 2023"]
[White "Baskin, Robert"]
[Black "Sebag, Marie"]
[WhiteFideId "24662402"]
[BlackFideId "617822"]
[WhiteElo "2442"]
[BlackElo "2430"]
[Result "1-0"]
[Round "06"]
[TimeControl "180+2"]
[Date "2023.01.10"]
[WhiteClock "0:00:09"]
[BlackClock "0:00:03"]

1. d4 Nf6 2. c4 e6 3. Nf3 d5 4. g3 dxc4 5. Bg2 a6 6. O-O Be7 7. a4 O-O 8. Qc2 Bd7 9. Rd1 Bc6 10. Nc3 Nbd7 11. e4 b5 12. d5 exd5 13. Nd4 Bb7 14. exd5 b4 15. Nc6 Bxc6 16. dxc6 bxc3 17. cxd7 cxb2 18. Bxb2 Rb8 19. Rab1 Nxd7 20. Qxc4 Bd6 21. Qxa6 Rb6 22. Qf1 Qg5 23. Bd4 Rxb1 24. Rxb1 Be5 25. Qb5 Qf6 26. Bxe5 Nxe5 27. a5 Ng4 28. Qc5 h6 29. Re1 Qa6 30. Bf1 Qa8 31. a6 Nf6 32. Bb5 Ne4 33. Qc6 Nd6 34. Ba4 Qa7 35. Re7 Qd4 36. Rxc7 1-0


[Site "https://www.chess.com"]

[Event "Titled Tuesday Blitz January 10 Late 2023"]
[White "Pein, Jonathan"]
[Black "Hamley, Ryan"]
[WhiteFideId "417092"]
[BlackFideId "30959497"]
[WhiteElo "2265"]
[BlackElo "2092"]
[Result "1-0"]
[Round "06"]
[TimeControl "180+2"]
[Date "2023.01.10"]
[WhiteClock "0:00:25"]
[BlackClock "0:00:41"]

1. e4 g6 2. h4 h5 3. d4 Bg7 4. Nc3 c6 5. Nh3 d5 6. e5 e6 7. Bd3 a6 8. Bg5 Qc7 9. Nf4 c5 10. Nxg6 fxg6 11. Bxg6+ Kd7 12. Qf3 cxd4 13. Nxd5 Qxe5+ 14. Kf1 Qxd5 15. Qf7+ Kc6 16. Qxg7 Nh6 17. Qxh8 Nd7 18. Qxh6 Ne5 19. Qxh5 Qb5+ 20. Kg1 Bd7 21. Re1 Nxg6 22. Qxg6 Rf8 23. Qe4+ Kc7 24. Qxd4 Bc6 25. Bf4+ Kc8 26. Qd6 Rxf4 27. Qxf4 Qd5 28. Qg3 b5 29. h5 Qd2 30. Rf1 Qh6 31. Qg6 Qh8 32. h6 Qxb2 33. h7 1-0


[Site "https://www.chess.com"]

[Event "Titled Tuesday Blitz January 10 Late 2023"]
[White "Wu, Brandon"]
[Black "Tologon tegin, Semetei"]
[WhiteFideId "30909228"]
[BlackFideId "13800574"]
[WhiteElo "2123"]
[BlackElo "2372"]
[Result "0-1"]
[Round "06"]
[TimeControl "180+2"]
[Date "2023.01.10"]
[WhiteClock "0:00:54"]
[BlackClock "0:00:57"]

1. Nf3 d5 2. c4 e6 3. g3 Nf6 4. Bg2 Be7 5. O-O O-O 6. d3 c5 7. b3 Nc6 8. Bb2 b6 9. Ne5 Bb7 10. Nd2 Qc7 11. Nxc6 Bxc6 12. e4 dxe4 13. Nxe4 Nxe4 14. dxe4 e5 15. f4 Bf6 16. Qg4 Rad8 17. Rad1 h6 18. Qh5 Rxd1 19. Rxd1 Rd8 20. Rxd8+ Qxd8 21. Bxe5 Bxe5 22. Qxe5 Qd1+ 23. Bf1 Qe1 24. f5 Qe3+ 25. Kg2 Bxe4+ 0-1


[Site "https://www.chess.com"]

[Event "Titled Tuesday Blitz January 10 Late 2023"]
[White "Rostomyan, Mikayel"]
[Black "Ezat, Mohamed"]
[WhiteFideId "13313754"]
[BlackFideId "10600906"]
[WhiteElo "2222"]
[BlackElo "2402"]
[Result "1-0"]
[Round "06"]
[TimeControl "180+2"]
[Date "2023.01.10"]
[WhiteClock "0:00:06"]
[BlackClock "0:00:03"]

1. Nf3 Nf6 2. b3 g6 3. Bb2 Bg7 4. e3 O-O 5. Be2 d6 6. d4 e5 7. dxe5 Nfd7 8. c4 Nc6 9. O-O a5 10. Qd2 Ndxe5 11. Nc3 Nxf3+ 12. Bxf3 Ne5 13. Be2 Bd7 14. f4 Ng4 15. h3 Nf6 16. Bf3 Bc6 17. e4 Re8 18. Rae1 a4 19. b4 a3 20. Ba1 Bd7 21. e5 dxe5 22. fxe5 Nh5 23. Bxh5 gxh5 24. Ne4 Bc6 25. Qf4 Qe7 26. Nf6+ Bxf6 27. exf6 Qf8 28. Qg5+ Kh8 29. Re7 Qg8 30. Qg7+ Qxg7 31. fxg7+ Kg8 32. Rexf7 Rac8 33. Kh2 b5 34. c5 Bd5 35. R7f4 Bxa2 36. R1f3 Ra8 37. Rf8+ Rxf8 38. gxf8=Q+ Rxf8 39. Rxa3 Bd5 40. Rg3+ Kf7 41. Rg7+ Ke6 42. Rxc7 Rf2 43. Rg7 Rf4 44. Rxh7 Rxb4 45. Rxh5 Bc4 46. c6 Kd6 47. Rh6+ Be6 48. Bg7 Rc4 49. Bf8+ Kd5 50. Rh5+ Ke4 51. Rxb5 Rxc6 52. Bg7 Bd5 53. Rb4+ Rc4 54. Rb8 Kd3 55. Be5 Rc2 56. Kg3 Ke4 57. Bf4 Kf5 58. Rf8+ Ke4 59. Re8+ Kd3 60. Rd8 Rxg2+ 61. Kh4 Ke4 62. Bg3 Re2 63. Re8+ Kf3 64. Rf8+ Kg2 65. Rf6 Re4+ 66. Bf4 Be6 67. Kg5 Kf3 68. h4 Bh3 69. h5 Re7 70. Bd6+ 1-0


[Site "https://www.chess.com"]

[Event "Titled Tuesday Blitz January 10 Late 2023"]
[White "Novikov, Evgenij"]
[Black "Ismagilov, Damir"]
[WhiteFideId "4125380"]
[BlackFideId "34199982"]
[WhiteElo "2276"]
[BlackElo "2156"]
[Result "0-1"]
[Round "06"]
[TimeControl "180+2"]
[Date "2023.01.10"]
[WhiteClock "0:00:03"]
[BlackClock "0:00:54"]

1. d4 Nf6 2. c4 e6 3. a3 d5 4. cxd5 exd5 5. Nc3 c6 6. Bg5 Be7 7. e3 O-O 8. Bd3 Nbd7 9. Qc2 h6 10. Bf4 Re8 11. Nf3 Nh5 12. Bg3 Nxg3 13. hxg3 Nf6 14. Ne5 Bd6 15. f4 Bxe5 16. dxe5 Ng4 17. Qd2 Qb6 18. Nd1 d4 19. exd4 Rd8 20. Nc3 Rxd4 21. O-O-O Bf5 22. Qe2 Rxd3 23. Rxd3 Nf2 24. Rdd1 Bg4 25. Qd2 Bxd1 26. Rxd1 Nxd1 27. Nxd1 Rd8 28. Qc2 Qg1 29. b4 Qe1 30. Qb3 Qd2+ 31. Kb1 Qxd1+ 0-1


[Site "https://www.chess.com"]

[Event "Titled Tuesday Blitz January 10 Late 2023"]
[White "Gasparyan, David"]
[Black "Rastbod, Ali"]
[WhiteFideId "13311980"]
[BlackFideId "12567477"]
[WhiteElo "2142"]
[BlackElo "2318"]
[Result "0-1"]
[Round "06"]
[TimeControl "180+2"]
[Date "2023.01.10"]
[WhiteClock "0:00:12"]
[BlackClock "0:00:10"]

1. Nf3 c5 2. g3 Nc6 3. Bg2 g6 4. O-O Bg7 5. d3 d5 6. Nbd2 e5 7. e4 d4 8. a4 Nge7 9. Nc4 h6 10. Ne1 O-O 11. f4 exf4 12. gxf4 f5 13. e5 Be6 14. Nd6 Qd7 15. Bd2 Kh7 16. Kh1 Nd5 17. Rg1 Rg8 18. Qf3 Bf8 19. Nc4 Be7 20. Qh3 b6 21. Nf3 Raf8 22. Raf1 Ncb4 23. Ne1 Qxa4 24. b3 Qa2 25. Rf2 Nc3 26. Bxc3 dxc3 27. Ne3 Bxb3 28. Bf3 Be6 29. Rfg2 Qb1 30. d4 cxd4 31. Nd3 Qa2 32. Nxb4 Bxb4 33. Nd1 Bd5 34. Nf2 Bxf3 35. Qxf3 Qf7 36. Nd3 Bc5 37. Qc6 Rc8 38. Qf3 Qe6 39. h4 Rc7 40. h5 Rcg7 41. Nf2 g5 42. fxg5 hxg5 43. h6 Rg6 44. Rh2 g4 45. Qf4 g3 46. Rhg2 gxf2 47. Qxf2 Rxh6+ 48. Rh2 Rxg1+ 49. Qxg1 Qd5+ 50. Qg2 Rxh2+ 51. Kxh2 Qxg2+ 52. Kxg2 Kg6 53. Kf3 Kf7 54. Kf4 Ke6 55. Kf3 d3 56. cxd3 c2 57. d4 Bxd4 58. Ke2 c1=Q 59. Kd3 Qc3+ 60. Ke2 Qe3+ 61. Kd1 Qf2 62. Kc1 Bc3 63. Kb1 Qb2# 0-1


[Site "https://www.chess.com"]

[Event "Titled Tuesday Blitz January 10 Late 2023"]
[White "Djokic, Mihailo"]
[Black "Lopez Gracia, Fernando"]
[WhiteFideId "976440"]
[BlackFideId "2207184"]
[WhiteElo "2192"]
[BlackElo "2255"]
[Result "1-0"]
[Round "06"]
[TimeControl "180+2"]
[Date "2023.01.10"]
[WhiteClock "0:02:49"]
[BlackClock "0:02:28"]

1. e4 e5 2. Nf3 Nc6 3. Nc3 Nf6 4. Bb5 Bd6 5. Bxc6 dxc6 6. d4 exd4 7. Qxd4 c5 8. Qd3 Nd7 9. Bg5 f6 10. Bh4 O-O 11. O-O-O Qe7 12. Nd5 Qf7 13. Bg3 Bxg3 14. hxg3 Nb6 15. e5 Qg6 16. Ne7+ 1-0


[Site "https://www.chess.com"]

[Event "Titled Tuesday Blitz January 10 Late 2023"]
[White "Kuznecovs, Nikita"]
[Black "Mladek, Richard"]
[WhiteFideId "11604557"]
[BlackFideId "386588"]
[WhiteElo "2287"]
[BlackElo "2436"]
[Result "1-0"]
[Round "06"]
[TimeControl "180+2"]
[Date "2023.01.10"]
[WhiteClock "0:00:06"]
[BlackClock "0:00:04"]

1. Nf3 Nf6 2. g3 b6 3. Bg2 Bb7 4. c4 e6 5. O-O g6 6. d4 Bg7 7. Nc3 Ne4 8. Nxe4 Bxe4 9. Bh3 O-O 10. Ne1 Bb7 11. f3 d5 12. cxd5 Qxd5 13. Nc2 Rd8 14. e4 Qd6 15. Bg5 Rd7 16. Bf4 Qe7 17. Qc1 Na6 18. Rd1 Rad8 19. Qe3 Nb4 20. Nxb4 Qxb4 21. d5 f5 22. a3 Qe7 23. Bg5 Bf6 24. Bxf6 Qxf6 25. Rac1 exd5 26. exf5 d4 27. Qf4 c5 28. fxg6 Qxf4 29. gxf4 Rg7 30. b4 Bxf3 31. Rd2 Rxg6+ 32. Kf2 Bb7 33. bxc5 Rc6 34. Bg2 Rc7 35. Bxb7 Rxb7 36. c6 Rc7 37. Ke2 Kf7 38. Kd3 Rd6 39. Rdc2 Kf6 40. Rc4 Kf5 41. a4 h5 42. R1c2 h4 43. a5 bxa5 44. Rc5+ Kxf4 45. Rf2+ Kg4 46. Ke4 Re7+ 47. Kd3 Re3+ 48. Kd2 Rb3 49. c7 Rb2+ 50. Kd3 Rxf2 51. c8=Q+ Kf3 52. Rf5+ Kg2 53. Qg8+ Kf1 54. Rxf2+ Kxf2 55. Qg4 Rf6 56. Qxh4+ Kg1 57. Qxf6 1-0


[Site "https://www.chess.com"]

[Event "Titled Tuesday Blitz January 10 Late 2023"]
[White "Bozorov, Makhsum"]
[Black "Ju, Wenjun"]
[WhiteFideId "14201330"]
[BlackFideId "8603006"]
[WhiteElo "2145"]
[BlackElo "2550"]
[Result "1/2-1/2"]
[Round "06"]
[TimeControl "180+2"]
[Date "2023.01.10"]
[WhiteClock "0:00:07"]
[BlackClock "0:00:04"]

1. d4 Nf6 2. c4 e6 3. g3 d5 4. Nf3 Bb4+ 5. Bd2 Bd6 6. Qc2 O-O 7. Bg2 dxc4 8. Qxc4 Nc6 9. O-O e5 10. dxe5 Nxe5 11. Nxe5 Bxe5 12. Bc3 Bxc3 13. Nxc3 c6 14. Qb3 Qe7 15. Rad1 Be6 16. Qc2 Rfd8 17. Rxd8+ Rxd8 18. Rd1 h6 19. e3 Rxd1+ 20. Qxd1 Qd7 21. Qxd7 Nxd7 22. a3 a5 23. Ne4 Bd5 24. Nd6 Bxg2 25. Kxg2 b6 26. Nc4 Kf8 27. e4 Ke7 28. Kf3 Ke6 29. Ke3 a4 30. f4 b5 31. Nd2 c5 32. h4 Nb6 33. g4 f6 34. Kd3 Nc8 35. Ke3 Nd6 36. Kd3 b4 37. Nc4 Nb5 38. Nb6 bxa3 39. bxa3 Nxa3 40. Nxa4 Kd6 41. h5 Nb5 42. Nb2 Nd4 43. Nc4+ Kc6 44. e5 fxe5 45. Nxe5+ Kd5 46. Nf7 c4+ 47. Kd2 Ne6 48. g5 Nxf4 49. gxh6 gxh6 50. Nxh6 Nxh5 51. Nf5 Nf6 52. Ne3+ Kc5 53. Nxc4 1/2-1/2


[Site "https://www.chess.com"]

[Event "Titled Tuesday Blitz January 10 Late 2023"]
[White "Haszon, David"]
[Black "Paszewski, Mateusz"]
[WhiteFideId "733610"]
[BlackFideId "1141058"]
[WhiteElo "2264"]
[BlackElo "2279"]
[Result "0-1"]
[Round "06"]
[TimeControl "180+2"]
[Date "2023.01.10"]
[WhiteClock "0:01:18"]
[BlackClock "0:01:58"]

1. d4 d5 2. Bf4 c5 3. e3 cxd4 4. exd4 Nc6 5. c3 Bf5 6. Qb3 Qd7 7. Nf3 f6 8. Nbd2 g5 9. Bg3 h5 10. h4 g4 11. Ng1 e6 12. Ne2 Nge7 13. Nf4 Bh6 14. Be2 Ng6 15. Nxg6 Bxg6 16. Nf1 O-O 17. Ne3 f5 18. Be5 f4 19. Nd1 Nxe5 20. dxe5 Qg7 21. c4 Qxe5 22. Qc3 d4 0-1


[Site "https://www.chess.com"]

[Event "Titled Tuesday Blitz January 10 Late 2023"]
[White "Roman, Rodrigo"]
[Black "Osmak, Yuliia"]
[WhiteFideId "3701220"]
[BlackFideId "14101602"]
[WhiteElo "2058"]
[BlackElo "2440"]
[Result "0-1"]
[Round "06"]
[TimeControl "180+2"]
[Date "2023.01.10"]
[WhiteClock "0:01:36"]
[BlackClock "0:00:59"]

1. e4 c6 2. d4 d5 3. Nc3 dxe4 4. Nxe4 Bf5 5. Ng3 Bg6 6. Nf3 Nd7 7. h4 h6 8. h5 Bh7 9. Bc4 e6 10. c3 Ngf6 11. Bf4 Nd5 12. Bxd5 cxd5 13. Qb3 Qb6 14. O-O Be7 15. Rfe1 O-O 16. Ne5 Nxe5 17. Qxb6 Nf3+ 18. gxf3 axb6 19. Kg2 Ra5 20. a3 Rfa8 21. Re2 Bd3 22. Rd2 Bc4 23. Re1 Bf8 24. Bc7 R5a6 25. Nf1 Rc8 26. Bg3 b5 27. Ne3 f6 28. f4 f5 29. Kh3 Kf7 30. Ng2 Be7 31. Rb1 Ba2 32. Ra1 Bb3 33. Ne1 b4 34. cxb4 Bxb4 35. Re2 Bc4 36. Rc2 Bxe1 37. Rxe1 Bf1+ 38. Rxf1 Rxc2 39. Rb1 Rb6 0-1


[Site "https://www.chess.com"]

[Event "Titled Tuesday Blitz January 10 Late 2023"]
[White "Mortazavi, Ali"]
[Black "Martins, Bruno Andre Leite"]
[WhiteFideId "401323"]
[BlackFideId "1942255"]
[WhiteElo "2333"]
[BlackElo "2348"]
[Result "0-1"]
[Round "06"]
[TimeControl "180+2"]
[Date "2023.01.10"]
[WhiteClock "0:00:22"]
[BlackClock "0:01:04"]

1. Nf3 Nf6 2. g3 g6 3. Bg2 Bg7 4. O-O O-O 5. d3 d5 6. Nbd2 c5 7. e3 Nc6 8. e4 e5 9. c3 Re8 10. Qa4 h6 11. exd5 Nxd5 12. Ne4 Bf8 13. Qb3 Be6 14. c4 Ndb4 15. Rd1 f5 16. a3 fxe4 17. dxe4 Nd4 18. Nxd4 cxd4 19. axb4 b5 20. Ra6 Qd7 21. Bf1 Rac8 22. Qa3 bxc4 23. Rxa7 Bxb4 24. Qxb4 Qxa7 25. Bxh6 Qf7 26. f4 d3 27. fxe5 Qf3 28. Qb7 Qf7 29. Qb6 Rb8 30. Qd4 Red8 31. Qc3 Qa7+ 32. Kh1 Bg4 33. Rd2 Bf3+ 34. Rg2 Qf2 35. Qxc4+ Kh8 36. Qc1 Rxb2 37. Bg7+ Kxg7 0-1


[Site "https://www.chess.com"]

[Event "Titled Tuesday Blitz January 10 Late 2023"]
[White "Lacasa Diaz, Jose Antonio"]
[Black "Aldokhin, Ivan"]
[WhiteFideId "2203375"]
[BlackFideId "24115720"]
[WhiteElo "2359"]
[BlackElo "2413"]
[Result "1-0"]
[Round "06"]
[TimeControl "180+2"]
[Date "2023.01.10"]
[WhiteClock "0:00:14"]
[BlackClock "0:00:02"]

1. e4 c5 2. Nf3 e6 3. g3 b6 4. Bg2 Bb7 5. d4 Bxe4 6. Nc3 Bxf3 7. Bxf3 d5 8. O-O Nf6 9. Re1 Be7 10. dxc5 O-O 11. cxb6 axb6 12. a3 Nbd7 13. Bf4 Nc5 14. b4 Nb7 15. Nb5 Nd6 16. Nd4 Qd7 17. Qd3 Nde4 18. b5 Bc5 19. Be5 Ra4 20. Kg2 Qb7 21. c4 Rxc4 22. Bxe4 Nxe4 23. Rxe4 dxe4 24. Qxc4 e3+ 25. f3 Kh8 26. Re1 f6 27. Nxe6 Re8 28. Bf4 Qd7 29. Bxe3 1-0


[Site "https://www.chess.com"]

[Event "Titled Tuesday Blitz January 10 Late 2023"]
[White "Marcolino, Daniel Mattos"]
[Black "Jimenez Almeida, Luis David"]
[WhiteFideId "2106841"]
[BlackFideId "22242244"]
[WhiteElo "2006"]
[BlackElo "2242"]
[Result "0-1"]
[Round "06"]
[TimeControl "180+2"]
[Date "2023.01.10"]
[WhiteClock "0:00:22"]
[BlackClock "0:00:44"]

1. d4 g6 2. Nf3 Bg7 3. g3 f5 4. Bg2 Nf6 5. O-O O-O 6. b3 d6 7. Bb2 Qe8 8. c4 a5 9. Nc3 c6 10. Re1 e5 11. dxe5 dxe5 12. e4 f4 13. Na4 Bg4 14. Qd6 Nfd7 15. Ng5 h6 16. Nh3 f3 17. Bf1 Na6 18. c5 Nb4 19. Red1 Rd8 20. Qc7 Nc2 21. Rac1 Nd4 22. Bxd4 exd4 23. Nf4 Be5 24. Nd3 Bxc7 0-1


[Site "https://www.chess.com"]

[Event "Titled Tuesday Blitz January 10 Late 2023"]
[White "Holt, Conrad"]
[Black "Martinez, Marcel"]
[WhiteFideId "2034387"]
[BlackFideId "2016249"]
[WhiteElo "2540"]
[BlackElo "2402"]
[Result "1-0"]
[Round "06"]
[TimeControl "180+2"]
[Date "2023.01.10"]
[WhiteClock "0:01:26"]
[BlackClock "0:00:13"]

1. d4 Nf6 2. c4 c5 3. d5 b5 4. cxb5 a6 5. b6 d6 6. Nc3 g6 7. e4 Bg7 8. Be2 O-O 9. Nf3 Qxb6 10. O-O Bg4 11. Nd2 Bxe2 12. Qxe2 Nbd7 13. Nc4 Qc7 14. Bg5 Rfe8 15. Rad1 h6 16. Bh4 Rab8 17. f4 Nh7 18. e5 dxe5 19. d6 exd6 20. Nd5 Qa7 21. Nxd6 Re6 22. f5 Rxd6 23. Ne7+ Kf8 24. Rxd6 g5 25. Nc6 Qc7 26. Nxb8 Qxd6 27. Nxd7+ Qxd7 28. Bf2 Kg8 29. Bxc5 Qd5 30. b4 Nf6 31. Rd1 Qc6 32. Qxe5 Ng4 33. Rd8+ Kh7 34. Qe2 Qf6 35. Rd1 Qxf5 36. Qd3 Qxd3 37. Rxd3 Be5 38. h3 Nf6 39. Bd4 Bxd4+ 40. Rxd4 1-0


[Site "https://www.chess.com"]

[Event "Titled Tuesday Blitz January 10 Late 2023"]
[White "Kozak, Adam"]
[Black "Musovic, Armin"]
[WhiteFideId "753246"]
[BlackFideId "939935"]
[WhiteElo "2572"]
[BlackElo "2261"]
[Result "1-0"]
[Round "06"]
[TimeControl "180+2"]
[Date "2023.01.10"]
[WhiteClock "0:00:07"]
[BlackClock "0:00:21"]

1. a4 Nf6 2. Nf3 e6 3. d4 d5 4. g3 c5 5. Bg2 Nc6 6. O-O h6 7. c3 a5 8. Na3 Bd6 9. Nb5 O-O 10. Nxd6 Qxd6 11. Bf4 Qe7 12. Rc1 c4 13. Ne5 Bd7 14. Re1 Rfe8 15. Nxd7 Qxd7 16. Qc2 Ne7 17. Rcd1 Ng6 18. Bc1 b5 19. axb5 Qxb5 20. h3 a4 21. g4 Qb3 22. Qd2 Rab8 23. f3 e5 24. dxe5 Rxe5 25. f4 Re7 26. Bxd5 Rd7 27. e4 Rbd8 28. Qg2 Nh4 29. Qf2 Nxd5 30. Rxd5 Rxd5 31. exd5 Ng6 32. f5 Nf8 33. f6 Rxd5 34. fxg7 Kxg7 35. Qf4 Qb6+ 36. Be3 Qg6 37. Bd4+ Kh7 38. Re8 Qb1+ 39. Kf2 Qc2+ 40. Kg3 Qd3+ 41. Re3 Qg6 42. Rf3 Ne6 43. Qxf7+ Qxf7 44. Rxf7+ Kg8 45. Rf6 Nxd4 46. cxd4 Rxd4 47. Rxh6 Rd3+ 48. Kh4 Rb3 49. Rc6 Rxb2 50. Rxc4 a3 51. Ra4 a2 52. Ra7 Rh2 53. g5 Kf8 54. Kg4 Rg2+ 55. Kh5 Ke8 56. h4 Kd8 57. Kg6 Kc8 58. h5 Kb8 59. Ra3 Kc7 60. h6 Rh2 61. h7 Kd6 62. Rxa2 Rxa2 63. h8=Q Re2 64. Qf6+ Kd7 65. Qf7+ Kd8 66. Qd5+ Ke7 67. Qc5+ Kd8 68. Qd6+ Ke8 69. Qb8+ Ke7 70. Qb7+ Kd8 71. Qa8+ Ke7 72. Qa3+ Kd8 73. Qd3+ 1-0


[Site "https://www.chess.com"]